Map: King's Cove LE

Players

Smileblind - Winner!

  • Race: Protoss Protoss
  • League: Silver
  • Spawn Location: 11:00

A.I. 1 (Elite)

  • Race: Terran Terran
  • Spawn Location: 5:00

VOD

Have the link to the VOD?

Description

Time

  • Played on: Feb. 7, 2019, 7:14 a.m.
  • Length: 7:00
Show
View Real Time Build Order
Export as new Build Order

Smileblind Protoss - Winner!

Build Orders:  

Get SALT Encoding   

  12  0:01  Probe  
  13  0:13  Probe  
  14  0:20  Pylon  
  14  0:25  Probe  
  15  0:38  Probe  
  16  0:45  Gateway  
  16  0:48  Probe  
  16  0:56  Probe  
  18  1:04  Probe  
  18  1:07  Assimilator  
  19  1:11  Assimilator  
  19  1:16  Probe  
  20  1:27  Gateway  
  20  1:35  Probe  
  21  1:41  Cybernetics Core  
  21  1:47  Probe  
  21  1:51  Pylon  
  21  1:53  Pylon  
  22  1:59  Probe  
  23  2:05  Gateway  
  23  2:07  Warp Gate  
  23  2:13  Gateway  
  23  2:22  Gateway  
  23  2:33  Adept  
  25  2:39  Adept  
  27  2:50  Pylon  
  27  2:52  Adept  
  29  3:01  Adept  
  31  3:09  Stalker  
  33  3:17  Stalker  
  35  3:26  Stalker  
  37  3:36  Pylon  
  37  3:41  Stalker  
  39  3:55  Pylon  
  39  3:59  Stalker  
  41  4:05  Stalker  
  43  4:16  Stalker  
  45  4:24  Stalker  
  47  4:31  Stalker  
  49  4:42  Stalker  
  51  4:48  Stalker  
Show
View Real Time Build Order
Export as new Build Order

A.I. 1 (Elite) Terran 

Build Orders:  

Get SALT Encoding   

  12  0:00  SCV  
  13  0:13  SCV  
  14  0:19  Supply Depot  
  14  0:25  SCV  
  15  0:30  Refinery  
  15  0:41  SCV  
  16  0:49  Barracks  
  16  0:53  SCV  
  17  1:05  SCV  
  18  1:12  Supply Depot  
  18  1:17  SCV  
  19  1:29  SCV  
  20  1:37  Factory, Marine  
  21  1:49  SCV, Barracks  
  22  1:55  Marine  
  22  2:01  SCV  
  24  2:06  Supply Depot  
  24  2:12  Marine  
  24  2:13  SCV  
  26  2:22  Factory Tech Lab  
  26  2:25  SCV  
  27  2:30  Marine  
  28  2:37  SCV  
  28  2:39  Marine  
  28  2:43  Siege Tank  
  33  2:49  SCV  
  34  3:08  Command Center  
  34  3:15  Orbital Command  
  34  3:20  Refinery  
  34  3:38  Marine  
  34  3:39  Factory  
  35  3:42  Marine  
  35  3:45  SCV  
  37  3:57  SCV  
  38  4:09  SCV  
  39  4:11  Supply Depot  
  39  4:20  SCV  
  39  4:21  SCV  
  39  4:24  Factory Tech Lab  
  41  4:31  Siege Tank  
  41  4:32  SCV  
  41  4:33  SCV  
  46  4:42  Siege Tank  
  46  4:44  SCV  
  46  4:45  SCV  
  51  4:47  Supply Depot, Marine  
  52  4:56  SCV  
  52  4:57  SCV, Marine  
  52  4:58  Supply Depot  
  52  5:05  Marine  
  50  5:08  SCV  
  49  5:14  SCV  
  49  5:15  Barracks Tech Lab  
  49  5:20  SCV  
  44  5:23  Marine  
  44  5:24  Refinery  
  44  5:26  SCV  
  41  5:32  SCV  
  42  5:38  SCV, Refinery  
  42  5:41  Marine  
  41  5:44  SCV  
  38  5:50  SCV  
  38  5:57  SCV  
  38  6:00  Barracks Tech Lab  
  38  6:02  SCV  
  35  6:09  SCV  
  33  6:21  SCV  
  28  6:33  SCV, Barracks  
  29  6:45  SCV  
  28  6:52  Command Center  
Tags
 
League
Silver
Matchup
PvT
Spawn Locations
Cross Positions
Add a new tag
Caveats
  • Supply blocks, unpowered buildings, or Contaminate may cause inaccurate times.
  • Supply counts are checked every 10 seconds.